 Dungeon Crawl Stone Soup version 0.28.0-47-ge53b351184 (webtiles) character file.

Game seed: 3382181984552693516

29 H0rd4k the Magician (level 3, 0/19 HPs)
             Began as a Deep Elf Hedge Wizard on May 4, 2022.
             Slain by a goblin
             ... wielding a +0 dagger
             ... led by Robin
              (1 damage)
             ... on level 2 of the Dungeon.
             The game lasted 00:01:48 (1479 turns).

H0rd4k the Magician (Deep Elf Hedge Wizard)         Turns: 1479, Time: 00:01:49

Health: 0/19       AC:  2    Str:  7    XL:     3   Next: 1%
Magic:  5/12       EV: 12    Int: 20    God:
Gold:   89         SH:  0    Dex: 14    Spells: 12/13 levels left

rFire   . . .      SeeInvis .   a - +0 dagger
rCold   . . .      Faith    .   (no shield)
rNeg    . . .      Spirit   .   b - +0 robe
rPois   .          Reflect  .   c - +0 hat
rElec   .          Harm     .   (no cloak)
rCorr   .          Rampage  .   (no gloves)
Will    +....                   (no boots)
Stlth   +.........              (no amulet)
HPRegen 0.06/turn               d - ring of willpower
MPRegen 0.13/turn               (no ring)

@: silenced
A: no striking features
a: no special abilities


You were on level 2 of the Dungeon.
You visited 1 branch of the dungeon, and saw 2 of its levels.

You collected 89 gold pieces.

Inventory:

Hand Weapons
 a - a +0 dagger (weapon)
Armour
 b - a +0 robe (worn)
 c - a +0 hat (worn)
Jewellery
 d - a ring of willpower (left hand)
Scrolls
 e - a scroll of identify {unknown}
 i - a scroll of noise {unknown}
Potions
 g - a potion of haste {unknown}
 h - a potion of ambrosia {unknown}
 j - 2 potions of attraction {unknown}
 k - a potion of magic {unknown}


   Skills:
 + Level 2.6 Dodging
 - Level 2.4 Stealth
 + Level 5.6 Spellcasting
 + Level 1.4 Conjurations
 + Level 1.2 Summonings
 + Level 1.1 Translocations


You had 12 spell levels left.
You knew the following spells:

 Your Spells              Type           Power      Damage    Failure   Level
a - Magic Dart            Conj           44%        1d5       6%          1

Your spell library contained the following spells:

 Spells                   Type           Power      Damage    Failure   Level
 Call Imp                 Summ           10%        N/A       10%         2
 Slow                     Hex            20%        N/A       11%         1
 Blink                    Tloc           20%        N/A       11%         2
 Conjure Flame            Conj/Fire      8%         6-21      24%         3
 Mephitic Cloud           Conj/Pois/Air  7%         N/A       26%         3


Dungeon Overview and Level Annotations

Branches:
Dungeon (2/15)

Altars:

Annotations:
D:1 exclusion: downstairs
D:2 Robin, Terence


Message History

You don't know that spell.
As you read the scroll labelled ULORHISYRU, it crumbles to dust.
A profound silence engulfs you.
It was a scroll of silence.
The goblin misses you.
Magic scrolls do not work when you're silenced!
You hit the worm.
The worm is lightly wounded.
The goblin barely misses you. The worm barely misses you.
Unknown command.
You barely miss the goblin. The goblin hits you with a +0 club.
The worm bites you but does no damage.
You hit the goblin.
The goblin is moderately wounded.
The goblin hits you with a +0 club.
You hit the goblin but do no damage.
The goblin is moderately wounded.
The goblin misses you. The worm barely misses you.
You hit the goblin.
You kill the goblin!
Robin throws the goblin at you!
You have reached level 3!
Your experience leads to an increase in your attributes!
Increase (S)trength, (I)ntelligence, or (D)exterity?
You feel clever. x2
Unknown command.
Magic scrolls do not work when you're silenced!
Unknown command.
Memorise Blink, consuming 2 spell levels and leaving 10?
The goblin hits you but does no damage.
Your memorisation is interrupted.
The worm bites you.
* * * LOW HITPOINT WARNING * * *
Memorise Blink, consuming 2 spell levels and leaving 10?
The goblin closely misses you. The worm bites you.
Your memorisation is interrupted.
* * * LOW HITPOINT WARNING * * *
Magic scrolls do not work when you're silenced!
Unknown command.
There are monsters nearby!
You barely miss the goblin. The goblin hits you with a +0 dagger.
You die...

#.# #### #g# #...
#.##########.##
####g#..........#
#g...#.##########
#g####.# #g# #.#
#g# ##.# ######
#@# #.## #.....
#w# #.# ####..
#.###.# ###..#
#.....# #...##
#.##### ###..#
#.# ##.. #.# ##.
#.## .. #. #..#
.... #.


You could see a worm, Robin and 3 goblins.

Vanquished Creatures
  A dart slug (D:1)
  An endoplasm (D:1)
  A giant cockroach (D:1)
  2 goblins (D:2)
  A hobgoblin (D:2)
  3 jackals (D:1)
  3 kobolds (D:2)
  3 quokkas (D:1)
  5 ball pythons
  A bat (D:2)
  2 frilled lizards (D:1)
  A rat (D:1)
24 creatures vanquished.

Notes
Turn   | Place    | Note
-------+----------+-------------------------------------------
     0 | D:1      | H0rd4k the Deep Elf Hedge Wizard began the quest for the
                  | Orb.
     0 | D:1      | Reached XP level 1. HP: 10/10 MP: 7/7
   202 | D:1      | Reached skill level 5 in Spellcasting
   247 | D:1      | Reached XP level 2. HP: 15/15 MP: 3/10
  1279 | D:2      | Noticed Terence
  1462 | D:2      | Noticed Robin
  1477 | D:2      | Reached XP level 3. HP: 7/19 MP: 4/12
  1479 | D:2      | Slain by a goblin

Illustrated notes

Levels and vault maps discovered:
D:1:      mrwooster_arrival_arrow, layout_rooms
D:2:      layout_loops_ring, nicolae_figureground_pulse, uniq_robin,
          uniq_terence

Skill      XL: |  1 |
---------------+----+-----
Spellcasting   | 5 |  5.6
Dodging        | |  2.6
Stealth        | |  2.4
Conjurations   | |  1.4
Summonings     | |  1.2
Translocations | |  1.1

Action                   || total
-------------------------++-------
Melee: Dagger            ||     6
 Cast: Magic Dart        ||    67
  Use: Scroll            ||     1
Armor: Robe              ||     8
Dodge: Dodged            ||     9
